 Dungeon Crawl Stone Soup version 0.28-a0-1435-g82390b3a13 (webtiles) character file.

Game seed: 8225094081702522332

8 oldriver the Skirmisher (level 2, 0/24 HPs)
             Began as a Demonspawn Chaos Knight on Jan 9, 2022.
             Was a Plaything of Xom.
             Slain by a white imp (3 damage)
             ... summoned by Xom
             ... on level 1 of the Dungeon.
             The game lasted 00:00:30 (396 turns).

oldriver the Skirmisher (Demonspawn Chaos Knight)    Turns: 396, Time: 00:00:32

Health: 0/24       AC:  7    Str: 12    XL:     2   Next: 0%
Magic:  2/2        EV: 11    Int: 13    God:    Xom [.*....]
Gold:   0          SH:  0    Dex: 12    Spells: 1/1 levels left

rFire   . . .      SeeInvis .   a - +0 spear (chaos)
rCold   . . .      Faith    .   (no shield)
rNeg    . . .      Spirit   .   b - +2 leather armour
rPois   .          Reflect  .   (no helmet)
rElec   .          Harm     .   (no cloak)
rCorr   .          Rampage  .   (no gloves)
Will    .....                   (no boots)
Stlth   +.........              (no amulet)
HPRegen 0.08/turn               (no ring)
MPRegen 0.08/turn               (no ring)

@: no status effects
A: slimy green scales 1
a: Renounce Religion


You were on level 1 of the Dungeon.
You worshipped Xom.
You were a plaything of Xom.
You visited 1 branch of the dungeon, and saw 1 of its levels.

Inventory:

Hand Weapons
 a - a +0 spear of chaos (weapon)
Armour
 b - a +2 leather armour (worn)
Potions
 c - a potion of curing {unknown}


   Skills:
 * Level 3.3 Fighting
 + Level 2.8 Polearms
 - Level 1.7 Armour
 + Level 1.1 Dodging


You had one spell level left.
You didn't know any spells.
Your spell library was empty.

Dungeon Overview and Level Annotations

Branches:
Dungeon (1/15)

Altars:


Innate Abilities, Weirdness & Mutations

You are partially covered in slimy green scales. (AC +2)


Message History

The ufetubus closely misses you.
The ufetubus hits you but does no damage.
You hit the ufetubus. Lightning courses through the ufetubus!
You kill the ufetubus!
The ufetubus disappears in a puff of smoke!
The white imp gestures at you. The puff of frost misses you.
The white imp hits you but does no damage.
You hit the white imp.
The white imp seems to speed up.
The white imp is lightly wounded.
The white imp hits you. The white imp freezes you.
The white imp gestures at you. The puff of frost hits you!
You hit the white imp but do no damage.
The white imp is lightly wounded.
The white imp gestures at you. The puff of frost hits you.
You hit the white imp.
The white imp's magic leaks into the air.
The white imp is lightly wounded.
The white imp closely misses you.
You barely miss the white imp.
The white imp is lightly wounded.
The white imp hits you.
* * * LOW HITPOINT WARNING * * *
The white imp freezes you.
* * * LOW HITPOINT WARNING * * *
The white imp closely misses you.
A white imp is nearby!
You closely miss the white imp.
The white imp is lightly wounded.
The white imp gestures at you. The puff of frost misses you.
You hit the white imp but do no damage. You punch the white imp.
The white imp is moderately wounded.
The white imp's magic is no longer disrupted.
The white imp hits you but does no damage.
The white imp hits you.
You die... "This toy is broken."

.#### #### ##### ..... ...
... ##...## #.# #.# #
.......##.# ##.#####.###.
..........####......).....
...........5@(..$..)..?...
.........รท####..#####.#...
....##.### #..# .. #.#
....# #.# ###..# P ###'###
#..# P P #.8.8.# #..# P
#.....# #..# P #.....#


You could see a white imp (summoned, fast).

Vanquished Creatures
  3 endoplasms (D:1)
  A hobgoblin (D:1)
  A quokka (D:1)
  A kobold (D:1)
  A rat (D:1)
7 creatures vanquished.

Vanquished Creatures (others)
  3 withered plants (D:1)
3 creatures vanquished.

Grand Total: 10 creatures vanquished

Notes
Turn   | Place    | Note
-------+----------+-------------------------------------------
     0 | D:1      | oldriver the Demonspawn Chaos Knight began the quest for
                  | the Orb.
     0 | D:1      | Reached XP level 1. HP: 18/18 MP: 1/1
    33 | D:1      | Reached skill level 1 in Dodging
   148 | D:1      | XOM: divination: detect creatures
   186 | D:1      | Gained mutation: You are partially covered in slimy green
                  | scales. (AC +2) [demonic ancestry]
   186 | D:1      | Reached XP level 2. HP: 8/24 MP: 2/2
   382 | D:1      | XOM: summons 2 hostile demons
   396 | D:1      | Slain by a white imp

Illustrated notes

Levels and vault maps discovered:
D:1:      elethiomel_arrival_quiet, layout_loops_ring, serial_shops,
          nicolae_shop_stone, ebering_ecumenical_altar_petrified

Skill      XL: |  1 |
---------------+----+-----
Dodging        | 1 |  1.1
Fighting       | |  3.3
Polearms       | |  2.8
Armour         | |  1.7

Action                   || total
-------------------------++-------
Melee: Spear             ||    40
       Punch             ||     2
Armor: Leather armour    ||     8
Dodge: Dodged            ||    29

Table legend: (Time is in decaauts)
 A = Elapsed time spent in this place.
 B = Non-inter-level travel time spent in this place.
 C = Inter-level travel time spent in this place.
 D = Time resting spent in this place.
 E = Time spent auto-exploring this place.
 F = Levels seen in this place.
 G = Mean time per level.
                   A        B        C        D        E       F      G
               +--------+--------+--------+--------+--------+-----+--------+
         Total |    394 |    394 |      0 |    197 |    138 |   1 |  394.0 |
       Dungeon |    394 |    394 |      0 |    197 |    138 |   1 |  394.0 |
               +--------+--------+--------+--------+--------+-----+--------+

Top non-repeatable levels by time:
     D:1: 394 daAuts
